 Dungeon Crawl Stone Soup version 0.19-a0-578-g4cfc824 (webtiles) character file.

87726 Arkorax the Shatterer (level 15, -2/136 HPs)
             Began as a Minotaur Fighter on June 9, 2016.
             Was a Follower of Uskayaw.
             Engulfed by a cloud of freezing vapour (30 damage)
             ... in an ice cave.
             The game lasted 00:51:20 (25837 turns).

Arkorax the Shatterer (Minotaur Fighter)           Turns: 25837, Time: 00:51:20

Health: -2/136     AC: 28    Str: 22    XL:     15   Next: 44%
Magic:  14/14      EV: 11    Int:  5    God:    Uskayaw [*.....]
Gold:   455        SH:  0    Dex: 20    Spells: 0 memorised, 14 levels left

rFire  . . .     SeeInvis .     Z - +10 dark maul {crush}
rCold  . . .     Gourm    +     j - +5 plate armour {MR+}
rNeg   . . .     Faith    .     (shield currently unavailable)
rPois  +         Spirit   .     u - +2 hat {MR+}
rElec  .         Dismiss  .     s - +1 cloak
rCorr  .         Reflect  .     w - +0 pair of gloves
SustAt .         Harm     .     S - +0 pair of boots
MR     +++..                    B - amulet of the gourmand
Stlth  ..........               L - +5 ring of dexterity
                                h - ring of poison resistance

@: extremely resistant to hostile enchantments, extremely unstealthy
A: retaliatory headbutt, horns 2
a: Stomp, Renounce Religion


You were in an ice cave.
You worshipped Uskayaw.
Uskayaw was aware of your devotion.
You were not hungry.

You visited 5 branches of the dungeon, and saw 24 of its levels.
You also visited: Labyrinth and Ice Cave.

You collected 1920 gold pieces.
You spent 1465 gold pieces at shops.

Inventory:

Hand Weapons
 Z - the +10 dark maul (weapon) {crush}
   (You bought it in a shop on level 5 of the Dungeon)

   It inflicts extra damage upon your enemies.
Missiles
 Y - 2 throwing nets (quivered)
Armour
 j - a +5 plate armour of magic resistance (worn)
 s - a +1 cloak (worn)
 t - a +4 ring mail of poison resistance
 u - a +2 hat of magic resistance (worn)
 w - a +0 pair of gloves (worn)
 S - a +0 pair of boots (worn)
Jewellery
 a - an uncursed ring of see invisible
 h - a ring of poison resistance (left hand)
 i - an uncursed ring of sustain attributes
 B - an amulet of the gourmand (around neck)
 G - an uncursed ring of positive energy
 L - a +5 ring of dexterity (right hand)
Wands
 C - a wand of teleportation (1/9)
 E - a wand of teleportation (3/9)
 N - a wand of enslavement (9/24)
 O - a wand of hasting (6/9)
 V - a wand of confusion (21/48)
Scrolls
 b - a scroll of silence
 e - 2 scrolls of identify
 g - 5 scrolls of enchant weapon
 m - a scroll of enchant armour
 q - 13 scrolls of remove curse
 y - 5 scrolls of teleportation
 A - 2 scrolls of summoning
 H - a scroll of fog
 J - 2 scrolls of magic mapping
 K - a scroll of holy word
 W - 2 scrolls of amnesia
Potions
 d - 8 potions of might
 k - 3 potions of ambrosia
 n - 6 potions of flight
 o - 3 potions of brilliance
 x - 3 potions of curing
 z - 3 potions of haste
 D - 2 potions of lignification
 M - a potion of heal wounds
 R - a potion of berserk rage
 X - 3 potions of cancellation
Books
 F - a book of Fire

   Spells                             Type                      Level
   a - Ignite Poison                  Fire/Transmutation/Poison    3
   b - Fireball                       Conjuration/Fire             5
   c - Bolt of Fire                   Conjuration/Fire             6
   d - Delayed Fireball               Conjuration/Fire             7
   e - Ring of Flames                 Charms/Fire                  7
 T - a Young Poisoner's Handbook

   Spells                             Type                      Level
   a - Sting                          Conjuration/Poison           1
   b - Cure Poison                    Poison                       2
   c - Mephitic Cloud                 Conjuration/Poison/Air       3
   d - Olgreb's Toxic Radiance        Poison                       4
   e - Venom Bolt                     Conjuration/Poison           5
 U - a book of Envenomations

   Spells                             Type                      Level
   a - Spider Form                    Transmutation/Poison         3
   b - Olgreb's Toxic Radiance        Poison                       4
   c - Alistair's Intoxication        Transmutation/Poison         5
   d - Poisonous Cloud                Conjuration/Poison/Air       6
Miscellaneous
 r - a fan of gales (inert)
Comestibles
 c - a royal jelly
 f - 8 bread rations
 l - 12 beef jerkies
 p - 7 meat rations
 v - 31 fruits
 I - 5 slices of pizza


   Skills:
 - Level 13.5 Fighting
   Level 5.0(16.4) Axes
 - Level 23.0(23.2) Maces & Flails
 - Level 13.4 Armour
 + Level 6.0 Dodging
   Level 6.0 Shields


You had 14 spell levels left.
You didn't know any spells.

Dungeon Overview and Level Annotations

Branches:
Dungeon (12/15)            Temple (1/1) D:4            Lair (8/8) D:11
 Shoals (0/4) Lair:3        Snake (1/4) Lair:4        Slime (0/6) Lair:8
    Orc (2/2) D:11            Elf (0/3) Orc:2

Altars:
Ashenzari
Cheibriados
Dithmenos
Elyvilon
Fedhas
Gozag
Hepliaklqana
Kikubaaqudgha
Makhleb
Nemelex Xobeh
Okawaru
Pakellas
Qazlal
Ru
Sif Muna
Trog
Uskayaw
Vehumet
Xom
Yredelemnul
Zin
The Shining One
Beogh

Shops:
D:5 }(   D:10 %   Orc:1 *   Orc:2 =***

Annotations:
D:7 15 exclusions
Lair:6 exclusion: oklob plant


Innate Abilities, Weirdness & Mutations

You reflexively headbutt those who attack you in melee.
You have a pair of horns on your head.


Message History

The ice statue gestures at you. The bolt of cold hits you!
The ice beast misses you.
You thump the ice statue!
The ice statue is severely damaged.
The wolf barely misses you. The ice statue gestures at you.
The freezing blast engulfs you! The ice beast closely misses you.
The wolf is engulfed in freezing vapours.
The wolf barely misses you. You furiously retaliate!
You headbutt the wolf, but do no damage.
The ice beast closely misses you. You furiously retaliate!
You headbutt the ice beast. The ice statue gestures at you.
The bolt of cold hits you!
* * * LOW HITPOINT WARNING * * *
You crush the ice statue like a grape!!!!
You destroy the ice statue!
Your Dodging skill increases to level 6!
You are engulfed in freezing vapours.
You die...

#..#
##.#
##.#
#†## #
#.## .#
#..## .#
##..##
..#
#.Y§#§.#
##§@h..#
#§§§.##
##§.##
#..#
##.# ##


You could see an ice beast and a wolf.

Vanquished Creatures
  Rupert (Orc:2)
  Gastronok (Lair:2)
  Kirke (Lair:6)
  A minotaur (Lab)
  Snorg (Lair:4)
  Fannar (Lair:2)
  6 hydras
  4 naga warriors (Snake:1)
  Erica (D:8)
  2 anacondas (Snake:1)
  An ogre mage (Orc:1)
  Urug (Lair:4)
  5 death yaks
  Nergalle (Orc:1)
  4 naga sharpshooters (Snake:1)
  2 naga ritualists (Snake:1)
  2 unseen horrors (D:11)
  4 deep trolls (D:11)
  An ugly thing (D:12)
  3 mana vipers (Snake:1)
  8 orc sorcerers (Orc:2)
  4 salamanders (Snake:1)
  An ice statue (IceCv)
  4 elephants (Lair:3)
  16 black mambas
  Maurice (D:12)
  4 naga magi (Snake:1)
  Joseph (Lair:1)
  2 torpor snails (Lair:7)
  2 guardian serpents (Snake:1)
  A gargoyle (D:12)
  A centaur zombie (D:10)
  8 spiny frogs
  Psyche (D:8)
  3 rime drakes
  8 komodo dragons
  11 trolls
  A two-headed ogre (Orc:1)
  9 polar bears
  7 blink frogs
  Prince Ribbit (D:6)
  A shadow (D:12)
  A vampire (D:9)
  4 hippogriffs
  A wraith (D:8)
  75 yaks
  6 basilisks
  6 hogs (Lair:6)
  2 hungry ghosts
  15 nagas
  Edmund (D:6)
  7 wargs
  7 porcupines
  7 water moccasins
  2 hell hounds (Lair:7)
  15 orc warriors
  5 ice beasts
  5 sky beasts
  A wasp (D:12)
  3 necrophages
  2 phantoms
  16 ogres
  2 black bears
  35 wolves
  4 centaurs
  An elf zombie (D:8)
  9 crocodiles
  17 giant frogs
  A wyvern zombie (D:8)
  8 scorpions
  12 wights
  5 killer bees (D:9)
  4 howler monkeys
  9 electric eels
  3 crimson imps
  6 human zombies (D:8)
  A wasp zombie (D:9)
  A giant frog zombie (D:7)
  2 quasits
  3 giant frog skeletons
  4 jellies
  7 hounds
  3 centaur skeletons
  38 orc wizards
  8 orc priests
  Terence (D:2)
  5 iguanas
  6 worker ants
  6 sheep (Lair:3)
  A hound zombie (D:8)
  A hound skeleton (D:6)
  10 gnolls
  2 worker ant zombies
  10 adders
  22 river rats
  A shadow imp (D:7)
  12 white imps (D:12)
  An adder skeleton (D:5)
  2 worms
  3 dart slugs (D:3)
  6 giant geckos
  83 orcs
  5 giant cockroaches
  3 goblins
  7 hobgoblins
  14 jackals
  6 kobolds
  A quokka (D:8)
  A ball python (D:4)
  7 bats
  4 giant newts
  2 quokka skeletons (D:9)
  5 rats
  A plant (Lair:4)
730 creatures vanquished.

Vanquished Creatures (others)
  A human (Lair:6)
  A water moccasin (Lair:8)
  A hound (D:4)
  A gnoll shaman (D:4)
  An iguana (D:4)
  A worker ant (D:4)
  An adder (D:4)
  A worm (D:4)
  An orc (Orc:2)
  13 fungi
  17 plants
39 creatures vanquished.

Grand Total: 769 creatures vanquished

Notes
Turn   | Place    | Note
--------------------------------------------------------------
     0 | D:1      | Arkorax the Minotaur Fighter began the quest for the Orb.
     0 | D:1      | Reached XP level 1. HP: 19/19 MP: 0/0
    89 | D:1      | Reached XP level 2. HP: 16/27 MP: 1/1
   815 | D:2      | Reached XP level 3. HP: 33/33 MP: 2/2
   874 | D:2      | Noticed Terence
   879 | D:2      | Killed Terence
  1244 | D:3      | Reached XP level 4. HP: 41/41 MP: 3/3
  1460 | D:3      | Reached XP level 5. HP: 38/47 MP: 4/4
  1933 | D:3      | Reached skill level 5 in Shields
  1945 | D:3      | Reached skill level 5 in Fighting
  2103 | D:4      | Noticed a dagger
  2113 | D:4      | Found a blossoming altar of Fedhas.
  2203 | D:4      | Reached XP level 6. HP: 56/56 MP: 5/5
  2260 | D:4      | Found an ancient bone altar of Kikubaaqudgha.
  2296 | D:4      | Noticed a dagger
  2301 | D:4      | Found a hide-covered altar of Uskayaw.
  2347 | D:4      | Found a staircase to the Ecumenical Temple.
  2425 | Temple   | Entered the Ecumenical Temple
  2530 | D:4      | Reached skill level 5 in Armour
  2560 | D:4      | Became a worshipper of Uskayaw the Reveler
  2569 | D:4      | Reached * piety under Uskayaw
  2618 | D:4      | Found a shimmering altar of Xom.
  2765 | D:4      | Reached ** piety under Uskayaw
  2951 | D:5      | Entered Level 5 of the Dungeon
  3009 | D:5      | Found an iron altar of Okawaru.
  3153 | D:5      | Found Joevvepy's Quality Used Wands.
  3163 | D:5      | Found a shadowy altar of Dithmenos.
  3300 | D:5      | Reached skill level 5 in Axes
  3300 | D:5      | Reached XP level 7. HP: 43/62 MP: 6/6
  3428 | D:5      | Found Zabled's Weapon Emporium.
  3583 | D:6      | Reached skill level 2 in Maces & Flails
  3603 | D:6      | Reached *** piety under Uskayaw
  4060 | D:6      | Reached skill level 3 in Maces & Flails
  4249 | D:6      | Found a burning altar of Makhleb.
  4260 | D:6      | Noticed Prince Ribbit
  4272 | D:6      | Killed Prince Ribbit
  4272 | D:6      | Reached skill level 4 in Maces & Flails
  4272 | D:6      | Reached XP level 8. HP: 40/71 MP: 7/7
  4427 | D:6      | Noticed Edmund
  4575 | D:6      | Killed Edmund
  4575 | D:6      | Reached skill level 5 in Maces & Flails
  4615 | D:6      | Found a burning altar of Makhleb.
  4735 | D:7      | Reached skill level 6 in Maces & Flails
  4828 | D:7      | Reached **** piety under Uskayaw
  5000 | D:7      | Found an opulent altar of Gozag.
  5099 | D:7      | Reached skill level 7 in Maces & Flails
  5108 | D:7      | Got a crude robe
  5119 | D:7      | Identified the +1 robe "Ragytsuch" {Int+8 Dex-5} (You found it on level 7 of the Dungeon)
  5217 | D:7      | Reached XP level 9. HP: 59/81 MP: 8/8
  5686 | D:8      | Reached skill level 8 in Maces & Flails
  5802 | D:8      | Found a white marble altar of Elyvilon.
  5825 | D:8      | Noticed Erica
  5832 | D:8      | Killed Erica
  5832 | D:8      | Reached skill level 9 in Maces & Flails
  5890 | D:8      | Noticed Psyche
  5899 | D:8      | Killed Psyche
  6021 | D:8      | Reached skill level 10 in Maces & Flails
  6033 | D:8      | Reached ***** piety under Uskayaw
  6154 | D:8      | Reached XP level 10. HP: 90/91 MP: 9/9
  6205 | D:8      | Found a basalt altar of Yredelemnul.
  6207 | D:8      | Reached ****** piety under Uskayaw
  6540 | D:8      | Found a white marble altar of Elyvilon.
  6540 | D:8      | Found a glowing golden altar of the Shining One.
  6540 | D:8      | Found a glowing silver altar of Zin.
  6580 | D:8      | Found a snail-covered altar of Cheibriados.
  6657 | D:8      | Found a stormy altar of Qazlal.
  6747 | D:9      | Found a shattered altar of Ashenzari.
  6766 | D:9      | Reached skill level 11 in Maces & Flails
  7160 | D:9      | Identified Nuczuha's Collected Works on Ice and the Traveller
  7290 | D:9      | Found a sacrificial altar of Ru.
  7424 | D:9      | Reached skill level 10 in Fighting
  7761 | D:10     | Entered Level 10 of the Dungeon
  7818 | D:10     | Reached skill level 10 in Armour
  8064 | D:10     | Reached skill level 12 in Maces & Flails
  8399 | D:10     | Found Rimn's Food Shop.
  8486 | D:10     | Found a shattered altar of Ashenzari.
  8612 | D:10     | Found a sacrificial altar of Ru.
  8645 | D:11     | Found a labyrinth entrance.
  8650 | Lab      | Entered a labyrinth
  8949 | Lab      | Noticed a minotaur
  8953 | Lab      | Noticed a deep elf mage
  8958 | Lab      | Killed a minotaur
  8958 | Lab      | Reached XP level 11. HP: 101/101 MP: 10/10
  9001 | D:11     | Noticed an unseen horror
  9015 | D:11     | Killed an unseen horror
  9017 | D:11     | Reached skill level 13 in Maces & Flails
  9264 | D:11     | Found a staircase to the Lair.
  9571 | D:11     | Noticed an unseen horror
  9577 | D:11     | Killed an unseen horror
  9845 | D:11     | Found a staircase to the Orcish Mines.
  9856 | D:11     | Noticed a deep troll
  9880 | D:11     | Reached skill level 14 in Maces & Flails
  9880 | D:11     | Killed a deep troll
 10027 | D:11     | Noticed a deep troll
 10027 | D:11     | Noticed a deep troll
 10027 | D:11     | Noticed a deep troll
 10054 | D:11     | Killed a deep troll
 10054 | D:11     | Killed a deep troll
 10057 | D:11     | Killed a deep troll
 10067 | D:11     | Reached XP level 12. HP: 34/112 MP: 11/11
 10504 | Orc:1    | Entered Level 1 of the Orcish Mines
 10570 | Orc:1    | Noticed an ogre mage
 10578 | Orc:1    | Killed an ogre mage
 10580 | Orc:1    | Reached skill level 15 in Maces & Flails
 10678 | Orc:1    | Noticed Nergalle
 10687 | Orc:1    | Killed Nergalle
 10783 | Orc:1    | Found Zuxein's General Store.
 11245 | D:5      | Bought the +10 dark maul {crush} for 867 gold pieces
 11359 | Lair:1   | Entered Level 1 of the Lair of Beasts
 11529 | Lair:1   | Noticed Joseph
 11535 | Lair:1   | Killed Joseph
 11857 | Lair:2   | Reached skill level 16 in Maces & Flails
 12298 | Lair:2   | Noticed Fannar
 12307 | Lair:2   | Killed Fannar
 12549 | Lair:2   | Noticed Gastronok
 12555 | Lair:2   | Killed Gastronok
 12555 | Lair:2   | Reached skill level 17 in Maces & Flails
 13650 | Lair:3   | Reached XP level 13. HP: 119/119 MP: 12/12
 13656 | Lair:3   | Reached skill level 18 in Maces & Flails
 14014 | Lair:3   | Found a staircase to the Shoals.
 14512 | Lair:4   | Noticed Snorg
 14516 | Lair:4   | Killed Snorg
 14558 | Lair:4   | Found a staircase to the Snake Pit.
 14586 | Lair:4   | Noticed Urug
 14592 | Lair:4   | Killed Urug
 14653 | Lair:4   | Reached skill level 19 in Maces & Flails
 16705 | Lair:5   | Reached skill level 20 in Maces & Flails
 17433 | Lair:6   | Noticed Kirke
 17438 | Lair:6   | Killed Kirke
 17438 | Lair:6   | Reached XP level 14. HP: 81/127 MP: 13/13
 18209 | Lair:6   | Reached skill level 21 in Maces & Flails
 20174 | Lair:8   | Entered Level 8 of the Lair of Beasts
 20183 | Lair:8   | Reached skill level 22 in Maces & Flails
 20563 | Orc:2    | Entered Level 2 of the Orcish Mines
 20689 | Orc:2    | Found a staircase to the Elven Halls.
 20760 | Orc:2    | Found Seabbef's Jewellery Shoppe.
 20794 | Orc:2    | Found Vosaav's General Store.
 20959 | Orc:2    | Noticed Rupert
 20961 | Orc:2    | Killed Rupert
 21344 | Orc:2    | Found a roughly hewn altar of Beogh.
 21356 | Orc:2    | Found Xeacriuc's Assorted Antiques.
 21356 | Orc:2    | Found Pajopell's Assorted Antiques.
 21848 | Orc:2    | Bought a glowing plate armour for 598 gold pieces
 22128 | Snake:1  | Entered Level 1 of the Snake Pit
 23765 | Snake:1  | Reached skill level 1 in Dodging
 23795 | Snake:1  | Reached XP level 15. HP: 90/135 MP: 14/14
 24310 | Snake:1  | HP: 6/136 [poisoned by a naga (splash of poison)]
 24315 | Snake:1  | HP: 6/136 [poisoned by a naga (splash of poison)]
 24322 | Snake:1  | HP: 6/136 [poisoned by a naga (splash of poison)]
 24356 | Snake:1  | HP: 6/136 [naga sharpshooter/bolt (6)]
 24471 | Snake:1  | Reached skill level 23 in Maces & Flails
 25155 | D:12     | Noticed Maurice
 25169 | D:12     | Killed Maurice
 25365 | D:12     | Found a frozen archway.
 25374 | IceCv    | Entered an ice cave
 25621 | IceCv    | Reached skill level 5 in Dodging
 25837 | IceCv    | Engulfed by a cloud of freezing vapour

Vault maps used:
D:1:      scummos_arrival_gate
D:2:      uniq_terence
D:4:      grunt_temple_overflow_growth_and_decay, dancing_weapons_uskayaw,
          xom_confusion_cloud, minmay_temple_entry_poolview,
          minmay_misc_feat_diagonals, kennysheep_opposing_triangles
D:5:      grunt_dithmenos_smoke, okawaru_trees_1, serial_shops,
          nicolae_shop_crystal, first_bread, nicolae_for_you_no_charge
D:6:      kennysheep_mini, makhleb_blood_cavern_becter, uniq_prince_ribbit1,
          uniq_edmund
D:7:      overflow_temple_1_default, serial_bayou, serial_bayou_pond_a,
          serial_bayou_lake_a, serial_bayou_pond_e, serial_bayou_shore_a
D:8:      good_gods_mini_temple, nicolae_qazlal_eye_of_the_storm,
          lemuel_mausoleum_altar_yredelemnul, lemuel_doored_altar,
          grunt_ogre_cave, elyvilon_altar_3, uniq_erica, uniq_psyche
D:9:      lemuel_coloured_pillars_altar, cheibrodos_ashenzari_chains,
          columned_hall_lemuel
D:10:     basic_altar, serial_shops, shop_statue, stair_cage_line,
          corexii_corridor_pit, lemuel_tele_altar
D:11:     lemuel_troll_bridge, erik_lair_island, orc_0_dummy, lab_entry_generic
D:12:     portal_ice_cave_entry_imps, nicolae_trove_entry_path_of_doom,
          trog_wizard, uniq_maurice
Temple:   nicolae_temple_hex_pool
Lair:1:   wad_woods_minihive, uniq_joseph
Lair:2:   minivault_26, uniq_gastronok, uniq_fannar
Lair:3:   shoals_dummy_entry, lemuel_fruit_tree
Lair:4:   guppyfry_snake_entry_island, serial_forest,
          infiniplex_forest_lined_room_2, infiniplex_forest_clump_small,
          infiniplex_forest_zigzag_2, infiniplex_forest_lined_room_3,
          infiniplex_forest_clump_diagonal, infiniplex_forest_lined_2,
          infiniplex_forest_side_room, infiniplex_forest_lined_3,
          infiniplex_forest_clump_double, uniq_snorg, uniq_urug
Lair:5:   beast_lair_carwin_3, lemuel_fruit_fields
Lair:6:   uniq_kirke
Lair:7:   enter_volcano_3, serial_bayou_pond_b
Lair:8:   minmay_lair_end_enchanted_forest, nicolae_slime_entry_slimehenge,
          basic_altar, serial_bayou_shore_b
Orc:1:    serial_shops, nicolae_shop_statue_plus, uniq_nergalle
Orc:2:    st_orc_town, mines_bat_river, uniq_rupert
Lab:      labyrinth_mini_lab, nicolae_lab_statue, nicolae_lab_hexagon,
          lab_statue, nicolae_lab_starburst, nicolae_lab_flowing_pool
IceCv:    ice_cave_caverns_01

Skill      XL: |  1  2  3  4  5  6  7  8  9 10 11 12 13 14 15 |
---------------+----------------------------------------------+-----
Fighting       | 4 5 6 8 9 10 12 13 | 13.5
Shields        | 4 5 6 |  6.0
Axes           | 3 4 5 |  5.0
Armour         | 4 5 6 7 9 10 11 12 13 | 13.4
Maces & Flails | 4 7 10 12 14 17 20 22 23 | 23.0
Dodging        | 1 6 |  6.0

Action                   |  1- 3 |  4- 6 |  7- 9 | 10-12 | 13-15 || total
-------------------------+-------+-------+-------+-------+-------++-------
Melee: War axe           |    79 |   131 |    11 |       |       ||   221
       Headbutt          |     9 |    32 |    38 |   130 |    68 ||   277
       Flail             |       |       |   204 |   477 |       ||   681
       Maul              |       |       |       |    69 |   548 ||   617
Evoke: Wand              |       |       |     3 |    13 |     2 ||    18
       Fan of gales      |       |       |       |       |     1 ||     1
  Use: Scroll            |       |       |       |    29 |    17 ||    46
       Potion            |       |       |       |     4 |     8 ||    12
 Stab: Paralysed         |       |       |     6 |    29 |    35 ||    70
       Distracted        |       |       |       |     1 |       ||     1
       Sleeping          |       |       |       |     1 |       ||     1
  Eat: Meat ration       |     1 |       |       |       |     1 ||     2
       Chunk             |       |     6 |    12 |    32 |    25 ||    75
       Bread ration      |       |       |     1 |     1 |     1 ||     3
Armor: Scale mail        |    37 |       |       |       |       ||    37
       Ring mail         |     3 |    70 |    95 |   258 |   397 ||   823
       Plate armour      |       |       |       |       |   243 ||   243
       Skin              |       |       |       |       |    33 ||    33
Dodge: Dodged            |    31 |    40 |    84 |   249 |   464 ||   868
Block: Shield            |    34 |    74 |     5 |       |       ||   113
       Buckler           |       |       |     6 |   113 |       ||   119
